 Dungeon Crawl Stone Soup version 0.20.0 (webtiles) character file.

53 InabaYap the Magician (level 3, 0/19 HPs)
             Began as a Deep Elf Wizard on May 31, 2017.
             Slain by an adder (5 damage)
             ... on level 1 of the Dungeon.
             The game lasted 00:08:58 (1358 turns).

InabaYap the Magician (Deep Elf Wizard)             Turns: 1358, Time: 00:08:58

Health: 0/19       AC:  2    Str:  4    XL:     3   Next: 64%
Magic:  1/12       EV: 13    Int: 23    God:
Gold:   16         SH:  0    Dex: 13    Spells: 2/13 levels left

rFire    . . .     SeeInvis .   f - +0 short sword
rCold    . . .     Gourm    .   (no shield)
rNeg     . . .     Faith    .   a - +0 robe
rPois    .         Spirit   .   b - +0 hat
rElec    .         Reflect  .   (no cloak)
rCorr    .         Harm     .   (no gloves)
MR       .....                  (no boots)
Stlth    ++........             (no amulet)
Regen    0.1/turn               (no ring)
MPRegen  0.2/turn               (no ring)

@: lethally poisoned (0 -> -3)
A: no striking features
a: no special abilities


You were on level 1 of the Dungeon.
You were not hungry.

You visited 1 branch of the dungeon, and saw 1 of its levels.

You collected 16 gold pieces.

Inventory:

Hand Weapons
 f - a +0 short sword (weapon)
Armour
 a - a +0 robe (worn)
 b - a +0 hat (worn)
Scrolls
 e - 4 scrolls of teleportation
 h - 2 scrolls of enchant armour {unknown}
 k - a scroll of amnesia {unknown}
 m - 2 scrolls of magic mapping {unknown}
 o - a scroll of random uselessness {unknown}
Potions
 i - a potion of magic
 p - a potion of lignification {unknown}
Books
 c - a book of Minor Magic

   Spells                             Type                      Level
   a - Magic Dart                     Conjuration                  1
   b - Blink                          Translocation                2
   c - Call Imp                       Summoning                    2
   d - Slow                           Hexes                        2
   e - Conjure Flame                  Conjuration/Fire             3
   f - Mephitic Cloud                 Conjuration/Poison/Air       3
Comestibles
 d - a bread ration
 g - 4 fruits
 j - a royal jelly
 l - 3 chunks of flesh


   Skills:
 + Level 2.5 Dodging
 + Level 2.4 Stealth
 + Level 5.8 Spellcasting
 * Level 1.5 Conjurations
 * Level 1.4 Summonings
 * Level 1.5 Translocations
 * Level 0.2 Fire Magic


You had 2 spell levels left.
You knew the following spells:

 Your Spells              Type           Power        Failure   Level  Hunger
a - Magic Dart            Conj           ##..         4%          1    None
b - Blink                 Tloc           N/A          7%          2    None
c - Call Imp              Summ           ##......     7%          2    None
d - Mephitic Cloud        Conj/Pois/Air  #.......     22%         3    #......
e - Conjure Flame         Conj/Fire      ##......     19%         3    #......


Dungeon Overview and Level Annotations

Branches:
Dungeon (1/15)

Altars:


Message History

The adder dies!
Your magical contamination has completely faded away.
You closely miss the adder.
The adder is moderately wounded.
You feel sick. The adder barely misses you.
Your shadow imp barely misses the adder.
You barely miss the adder.
The adder is moderately wounded.
The adder bites you but does no damage.
Your shadow imp hits the adder.
The adder misses you.
You completely miss the adder.
The adder is severely wounded.
The adder bites you.
Your shadow imp barely misses the adder.
You barely miss the adder.
The adder is heavily wounded.
You feel sick. The adder misses you.
Your shadow imp barely misses the adder.
The adder bites you.
You die...

..##...........###......##
..###........[...#.......# ###
#.........#..#.......# ..#
#.........#..#.......#
..####..##.......#.......########
..+.........................†....
..#####............#.######.#
..##.............S5.........#
####...(........@.##.############
.# #......###+#...##.............
.###..........#.......###########
...#.......÷...............#
.......#.......#..........)#####
......##.......#...............#
.........#.....#..........####.#
....##.#.##....#..........# #.#
.....#....)....#..###.....####.##


You could see an adder and a friendly shadow imp.

Vanquished Creatures
  An ooze (D:1)
  2 dart slugs (D:1)
  A leopard gecko (D:1)
  4 bats (D:1)
  3 giant cockroaches (D:1)
  2 goblins (D:1)
  2 hobgoblins (D:1)
  2 jackals (D:1)
  3 kobolds (D:1)
  A ball python (D:1)
  2 frilled lizards (D:1)
  12 rats (D:1)
35 creatures vanquished.

Vanquished Creatures (collateral kills)
  An adder (D:1)
  A bat (D:1)
  A jackal (D:1)
3 creatures vanquished.

Grand Total: 38 creatures vanquished

Notes
Turn   | Place    | Note
-------+----------+-------------------------------------------
     0 | D:1      | InabaYap the Deep Elf Wizard began the quest for the Orb.
     0 | D:1      | Reached XP level 1. HP: 10/10 MP: 7/7
   139 | D:1      | Reached skill level 5 in Spellcasting
   209 | D:1      | Reached XP level 2. HP: 15/15 MP: 7/10
   217 | D:1      | Learned a level 2 spell: Blink
   220 | D:1      | Learned a level 2 spell: Call Imp
   718 | D:1      | Reached XP level 3. HP: 19/19 MP: 10/12
  1095 | D:1      | Learned a level 3 spell: Mephitic Cloud
  1099 | D:1      | Learned a level 3 spell: Conjure Flame
  1358 | D:1      | Slain by an adder

Skill      XL: |  1 |
---------------+----+-----
Spellcasting   | 5 |  5.8
Dodging        | |  2.5
Stealth        | |  2.4
Conjurations   | |  1.5
Summonings     | |  1.4
Translocations | |  1.5
Fire Magic     | |  0.2

Action                   || total
-------------------------++-------
Melee: Short sword       ||    33
 Cast: Magic Dart        ||    72
       Call Imp          ||     4
       Blink             ||     1
  Use: Scroll            ||     2
       Potion            ||     1
 Stab: Distracted        ||     1
       Sleeping          ||     2
  Eat: Chunk             ||     1
Armor: Robe              ||    13
Dodge: Dodged            ||    43
